 Dungeon Crawl Stone Soup version 0.20.0-8-g6b59dc7 (webtiles) character file.

58 Chiseanne the Vexing (level 3, -1/30 HPs)
             Began as a Deep Elf Arcane Marksman on June 2, 2017.
             Slain by a hobgoblin (3 damage)
             ... led by Robin
             ... on level 2 of the Dungeon.
             The game lasted 00:02:33 (1705 turns).

Chiseanne the Vexing (Deep Elf Arcane Marksman)     Turns: 1705, Time: 00:02:33

Health: -1/30      AC:  5    Str: 13    XL:     3   Next: 76%
Magic:  9/9        EV: 12    Int: 17    God:
Gold:   13         SH:  0    Dex: 15    Spells: 6/7 levels left

rFire    . . .     SeeInvis .   a - +1 spear (venom)
rCold    . . .     Gourm    .   (no shield)
rNeg     . . .     Faith    .   g - +0 ring mail
rPois    .         Spirit   .   (no helmet)
rElec    .         Reflect  .   (no cloak)
rCorr    .         Harm     .   (no gloves)
MR       .....                  (no boots)
Stlth    ..........             (no amulet)
Regen    0.1/turn               (no ring)
MPRegen  0.2/turn               (no ring)

@: berserking, very quick
A: no striking features
a: no special abilities


You were on level 2 of the Dungeon.
You were near starving.

You visited 1 branch of the dungeon, and saw 2 of its levels.

You collected 13 gold pieces.

Inventory:

Hand Weapons
 a - a +1 spear of venom (weapon)
 j - a +2 flail of draining
 w - a +0 hand crossbow
Missiles
 d - 33 bolts
 e - 13 sling bullets
 i - 23 arrows
 k - 35 stones (quivered)
Armour
 g - a +0 ring mail (worn)
Scrolls
 h - 2 scrolls of fog {unknown}
Potions
 m - a potion of lignification {unknown}
 n - a potion of magic
Books
 c - a book of Debilitation

   Spells                             Type                      Level
   a - Corona                         Hexes                        1
   b - Slow                           Hexes                        2
   c - Inner Flame                    Hexes/Fire                   3
   d - Portal Projectile              Hexes/Translocation          3
   e - Cause Fear                     Hexes                        4
   f - Leda's Liquefaction            Hexes/Earth                  4
Comestibles
 f - 2 bread rations
 l - a meat ration


   Skills:
 * Level 1.6 Fighting
 * Level 2.2 Crossbows
 * Level 1.0 Armour
 * Level 2.8 Dodging
 * Level 2.6 Spellcasting
 - Level 4.0 Hexes


You had 6 spell levels left.
You knew the following spells:

 Your Spells              Type           Power        Failure   Level  Hunger
a - Corona                Hex            ###....      8%          1    #......


Dungeon Overview and Level Annotations

Branches:
Dungeon (2/15)

Altars:

Annotations:
D:2 Robin


Message History

Robin throws the goblin at you! The goblin hits you.
* * * LOW HITPOINT WARNING * * *
Things that are here:
a club; a stone A goblin comes into view.
It is wielding a dagger.
A goblin comes into view. It is wielding a club.
Robin throws the goblin at you!
You barely miss the goblin. The hobgoblin barely misses you.
The goblin hits you.
* * * LOW HITPOINT WARNING * * *
It was a potion of magic.
Magic courses through your body. The hobgoblin misses you.
The goblin misses you.
It was a potion of berserk rage.
A red film seems to cover your vision as you go berserk!
You feel yourself moving faster!
You feel mighty!
The goblin no longer looks unusually strong.
The goblin hits you.
* * * LOW HITPOINT WARNING * * *
The hobgoblin hits you.
You die...

......... ##.. .....
##### #... .... ##...##
#..# ... ##.....###..#
..# #.......##..# #.#
#.......##.g####.####...
#.......##@g.gg)..%.....
##...... #.. ##?..


You could see Robin, a hobgoblin, 4 goblins and a kobold.

Vanquished Creatures
  An ooze (D:1)
  A worm (D:2)
  A leopard gecko (D:1)
  2 giant cockroaches (D:1)
  13 goblins
  9 hobgoblins
  3 jackals (D:1)
  6 kobolds
  A ball python (D:1)
  2 bats
  A frilled lizard (D:1)
  3 rats
43 creatures vanquished.

Notes
Turn   | Place    | Note
-------+----------+-------------------------------------------
     0 | D:1      | Chiseanne the Deep Elf Arcane Marksman began the quest for the Orb.
     0 | D:1      | Reached XP level 1. HP: 11/11 MP: 5/5
    60 | D:1      | Reached skill level 1 in Fighting
   207 | D:1      | Reached XP level 2. HP: 11/16 MP: 7/7
   725 | D:1      | Reached XP level 3. HP: 10/20 MP: 8/8
  1688 | D:2      | Noticed Robin
  1694 | D:2      | Reached skill level 1 in Armour
  1705 | D:2      | Slain by a hobgoblin

Skill      XL: |  1  2  3 |
---------------+----------+-----
Fighting       | 1 |  1.6
Spellcasting   | 2 |  2.6
Crossbows      | 2 |  2.2
Armour         | 1 |  1.0
Dodging        | |  2.8
Hexes          | |  4.0

Action                   || total
-------------------------++-------
Melee: Spear             ||   113
 Fire: Hand crossbow     ||     8
 Cast: Corona            ||     1
  Use: Potion            ||     2
 Stab: Distracted        ||     1
  Eat: Chunk             ||     1
Armor: Ring mail         ||    33
Dodge: Dodged            ||    48
